 Dungeon Crawl Stone Soup version 0.15-a0-1854-g6489380 (webtiles) character file.

548 Valtus the Chiller (level 7, -6/36 HPs)
             Began as a Gargoyle Ice Elementalist on July 2, 2014.
             Killed from afar by Sigmund (7 damage)
             ... with a puff of flame
             ... while paralysed by a potion of paralysis
             ... on Level 4 of the Dungeon on July 3, 2014.
             The game lasted 01:03:51 (3806 turns).

Valtus the Chiller (Gargoyle Ice Elementalist)      Turns: 3806, Time: 01:03:51

HP  -6/36        AC 10     Str 12      XL: 7   Next: 28%
MP   5/12        EV  2     Int 17      God:
Gold 141         SH  0     Dex 10      Spells:  2 memorised,  7 levels left

rFire  . . .     SeeInvis .     t - +0 mace
rCold  . . .     Clarity  .     h - +0 leather armour
rNeg   + . .     rCorr    .     (no shield)
rPois  +         rRot     +     (no helmet)
rElec  +         Spirit   .     v - +0 cloak
SustAb .         Warding  .     (no gloves)
rMut   .         Stasis   .     (no boots)
Gourm  .                        (no amulet)
MR     .....                    (no ring)
                                g - +2 ring of protection

@: paralysed, not resistant to hostile enchantments, unstealthy
A: life protection 1, electricity resistance, unbreathing, petrification
resistance, rot immunity, AC +4
a: no special abilities


You were on level 4 of the Dungeon.
You were not hungry.

You visited 1 branch of the dungeon, and saw 4 of its levels.

You collected 141 gold pieces.

Inventory:

Hand weapons
 e - a +0 dagger
 n - a +0 short sword
 t - a +0 mace (weapon)
 u - a +0 flail
Missiles
 w - 3 poisoned needles
Armour
 a - a +0 robe
 h - a +0 leather armour (worn)
 v - a +0 cloak (worn)
Magical devices
 l - a wand of frost (13)
Comestibles
 i - a meat ration
Scrolls
 f - a scroll of noise
 m - a scroll of remove curse
Jewellery
 g - a +2 ring of protection (left hand)
 q - an uncursed amulet of faith {unknown}
 r - a cursed amulet of inaccuracy
Potions
 c - a potion of cure mutation {unknown}
 d - a potion of beneficial mutation {unknown}
 j - 2 potions of agility {unknown}
 k - a potion of berserk rage {unknown}
 o - a potion of mutation {unknown}
 p - a potion of resistance {unknown}
 s - a potion of brilliance {unknown}
 x - a potion of heal wounds {unknown}
Books
 b - a book of Frost

   Spells                             Type                      Level
   *Freeze                            Ice                          1
   *Throw Frost                       Conjuration/Ice              2
   Ozocubu's Armour                   Charms/Ice                   3
   Throw Icicle                       Conjuration/Ice              4
   Summon Ice Beast                   Ice/Summoning                4
   Condensation Shield                Ice                          4


   Skills:
 - Level 5.2 Maces & Flails
 - Level 1.5 Dodging
 - Level 2.1 Stealth
 - Level 2.0 Spellcasting
 + Level 3.1 Conjurations
 - Level 5.3 Ice Magic


You had 7 spell levels left.
You knew the following spells:

 Your Spells              Type           Power        Failure   Level  Hunger
a - Freeze                Ice            ###.         2%          1    #......
b - Throw Frost           Conj/Ice       ###...       6%          2    ###....


Dungeon Overview and Level Annotations

Branches:
Dungeon (4/15)
 Temple: D:4-7

Altars:

Annotations:
D:4 Sigmund


Innate Abilities, Weirdness & Mutations

You are resistant to torment.
You are immune to poison.
Your stone body is very resilient (AC +4).
You resist negative energy.
You are resistant to electric shocks.
You can survive without breathing.
You are immune to petrification.
You are immune to rotting.


Message History

You hear some strange, mumbled words.
The magic dart hits you!
You barely miss something.
You hear some strange, mumbled words.
Something tries to affect you, but you resist.
You hit something but do no damage. Something hits you. Something hits you.
* * * LOW HITPOINT WARNING * * *
The magic dart hits you!
* * * LOW HITPOINT WARNING * * *
Something tries to affect you, but you resist.
Your magical contamination has completely faded away.
Found a ring mail.
The puff of flame hits you!
* * * LOW HITPOINT WARNING * * *
You see here a scroll of magic mapping.
Drink which item? (? for menu, Esc to quit)
You suddenly lose the ability to move!
It was a potion of paralysis.
The puff of flame hits you!
You die...

*,** ### *,.**
###########.###
*,..####........{....##
**#.........#####.....##
*###..)..#####.......[
##.(...............
##..........####[..
##........#### ##..
*#..@####### #.. #..###
#.< *#..#* *********#<.
*** *#.[#* **,..........
* ****,**#...*
**,*,.........
***,,,,,,,..**
*,,,*#######..
,,,,,,,,,,,** *,,** ###
,,,,******** * ,* *
***** *,,*


There were no monsters in sight!

Vanquished Creatures
  The ghost of vYxOr the Ducker, an average SpFi (D:4)
  An ogre (D:3)
  3 wights
  An orc wizard (D:4)
  2 worker ants
  Ijyb (D:4)
  6 adders
  A giant mite (D:2)
  4 worms
  A shadow imp (D:3)
  4 giant geckos
  An ooze (D:2)
  3 orcs
  2 bats
  3 giant cockroaches
  9 hobgoblins
  9 jackals
  12 kobolds
  3 giant newts
  11 goblins
  An orc skeleton (D:4)
  2 quokkas
  A quokka skeleton (D:4)
  11 rats
  A rat skeleton (D:4)
94 creatures vanquished.

Notes
Turn   | Place    | Note
--------------------------------------------------------------
     0 | D:1      | Valtus, the Gargoyle Ice Elementalist, began the quest for the Orb.
     0 | D:1      | Reached XP level 1. HP: 10/10 MP: 3/3
   134 | D:1      | Reached XP level 2. HP: 15/15 MP: 2/4
   478 | D:1      | Reached skill level 4 in Ice Magic
   513 | D:1      | Reached XP level 3. HP: 19/19 MP: 1/6
   979 | D:2      | Reached XP level 4. HP: 21/24 MP: 3/7
  1530 | D:3      | Reached skill level 5 in Ice Magic
  1908 | D:3      | Learned a level 2 spell: Throw Frost
  2125 | D:3      | Reached skill level 1 in Maces & Flails
  2128 | D:3      | Reached XP level 5. HP: 17/28 MP: 0/9
  2301 | D:3      | Noticed an ogre
  2328 | D:3      | Killed an ogre
  2508 | D:4      | Noticed Sigmund
  2695 | D:3      | Reached XP level 6. HP: 17/32 MP: 0/10
  3034 | D:4      | Noticed Ijyb
  3045 | D:4      | Killed Ijyb
  3360 | D:4      | Reached skill level 5 in Maces & Flails
  3426 | D:4      | Noticed vYxOr's ghost (average SpFi)
  3438 | D:4      | Reached XP level 7. HP: 33/36 MP: 12/12
  3747 | D:4      | Killed vYxOr's ghost
  3802 | D:4      | HP: 1/36 [something/puff of flame (6)]
  3804 | D:4      | Paralysed by a potion of paralysis for 3 turns
  3806 | D:4      | Killed from afar by Sigmund

Action                   |  1- 3 |  4- 6 |  7- 9 || total
-------------------------+-------+-------+-------++-------
Melee: Club              |    10 |       |       ||    10
       Dagger            |    23 |       |       ||    23
       Unarmed           |     1 |       |       ||     1
       Short sword       |    30 |    50 |       ||    80
       Mace              |       |    98 |    20 ||   118
 Cast: Freeze            |    47 |    76 |     6 ||   129
       Throw Frost       |       |     4 |     4 ||     8
Evoke: Wand              |       |     1 |       ||     1
  Use: Scroll            |     3 |     5 |       ||     8
       Potion            |       |     5 |     2 ||     7
